 Dungeon Crawl Stone Soup version 0.29.0-4-gdea44cf6ec (webtiles) character file.

Game seed: 16275398265998682316

34 voltaire321 the Charlatan (level 3, -3/27 HPs)
             Began as a Merfolk Artificer on Aug 27, 2022.
             Slain by a gnoll
             ... wielding a +0 flail
              (12 damage)
             ... on level 2 of the Dungeon.
             The game lasted 00:02:34 (1274 turns).

voltaire321 the Charlatan (Merfolk Artificer)       Turns: 1274, Time: 00:02:35

Health: -3/27      AC:  3    Str: 12    XL:     3   Next: 31%
Magic:  3/3        EV: 12    Int: 10    God:
Gold:   60         SH:  0    Dex: 16    Spells: 2/2 levels left

rFire   . . .      SeeInvis .   l - +0 long sword
rCold   . . .      Faith    .   (no shield)
rNeg    . . .      Spirit   .   b - +0 leather armour
rPois   .          Reflect  .   (no helmet)
rElec   .          Harm     .   (no cloak)
rCorr   .          Rampage  .   (no gloves)
Will    .....                   (no boots)
Stlth   ++........              (no amulet)
HPRegen 0.09/turn               (no ring)
MPRegen 0.08/turn               (no ring)

@: no status effects
A: (nimble swimmer 2), mertail
a: no special abilities


You were on level 2 of the Dungeon.
You visited 1 branch of the dungeon, and saw 2 of its levels.

You collected 60 gold pieces.

Inventory:

Hand Weapons
 l - a +0 long sword (weapon)
Missiles
 m - 4 poisoned darts
Armour
 b - a +0 leather armour (worn)
Jewellery
 f - a +4 ring of protection
Wands
 c - a wand of flame (11) (quivered)
 d - a wand of charming (15)
 e - a wand of iceblast (5)
Scrolls
 g - a scroll of poison {unknown}
 h - 2 scrolls of teleportation {unknown}
 i - a scroll of magic mapping {unknown}
Potions
 a - 2 potions of cancellation {unknown}
 j - a potion of curing {unknown}
 k - a potion of haste {unknown}


   Skills:
 + Level 1.7 Fighting
 + Level 1.1 Armour
 + Level 3.2 Dodging
 + Level 1.9 Stealth
 + Level 3.3 Evocations


You had 2 spell levels left.
You didn't know any spells.
Your spell library contained the following spells:

 Spells                   Type           Power      Damage    Failure   Level
 Apportation              Tloc           0%         N/A       43%         1
 Necrotise                Necr           0%         1d4       43%         1
 Summon Small Mammal      Summ           0%         N/A       43%         1


Dungeon Overview and Level Annotations

Branches:
Dungeon (2/15)

Altars:

Annotations:
D:2 Ijyb


Innate Abilities, Weirdness & Mutations

((You are very nimble when in or above water. (Stealth+, EV+, Speed+++)))
Your lower body shifts to a powerful aquatic tail in water.


Message History

You see here a +0 dagger.
You hit the endoplasm.
The endoplasm is lightly wounded.
The endoplasm freezes you.
You are frozen.
The endoplasm barely misses you.
You hit the endoplasm.
The endoplasm is heavily wounded.
The endoplasm hits you but does no damage.
You hit the endoplasm.
The endoplasm is severely wounded.
The endoplasm barely misses you. x2
You hit the endoplasm.
You kill the endoplasm!
You start resting.
A goblin is nearby!
The goblin shouts!
You hit the goblin.
You kill the goblin!
Things that are here:
a +0 club; a +0 dagger You start resting.
HP restored.
The gnoll shouts! x2
There is an open door here.
The gnoll attacks as you move away! The gnoll closely misses you.
You slash the gnoll!
The gnoll is almost dead.
The gnoll hits you with a +0 whip.
You hit the gnoll but do no damage. The gnoll barely misses you.
You hit the gnoll.
The gnoll is moderately wounded.
The gnoll barely misses you. The gnoll hits you with a +0 flail.
You hit the gnoll but do no damage.
The gnoll is moderately wounded.
The gnoll hits you with a +0 flail!
* * * LOW HITPOINT WARNING * * *
The gnoll attacks as you move away! The gnoll hits you but does no damage.
Items here: ))) รท.
The gnoll attacks as you move away! The gnoll hits you with a +0 flail!
You die...

########.########.#
...........# #.#
########.#.######.#
####.#).......# ####
#..........#### ...#
#.#........# .#.#
#.#........#
.[.#####.#........######
................@g.gg)>#
...##########.###.####.#
....... #.# #.# #.#
...#### #.# #.# #g# ...+
.# #.####g# ...#
..#....# ...# ###.####
...# #.g.# ...# g.g.
#.###


You could see 3 gnolls.

Vanquished Creatures
  A worm (D:2)
  A dart slug (D:2)
  A ball python (D:2)
  2 endoplasms
  7 goblins
  2 hobgoblins (D:1)
  6 jackals (D:1)
  A frilled lizard (D:2)
  2 rats (D:1)
23 creatures vanquished.

Notes
Turn   | Place    | Note
-------+----------+-------------------------------------------
     0 | D:1      | voltaire321 the Merfolk Artificer began the quest for the
                  | Orb.
     0 | D:1      | Reached XP level 1. HP: 15/15 MP: 1/1
   126 | D:1      | Found a faded altar of an unknown god.
   180 | D:1      | Reached XP level 2. HP: 19/21 MP: 2/2
   311 | D:1      | Reached skill level 1 in Armour
   975 | D:2      | Noticed Ijyb
  1002 | D:2      | Reached XP level 3. HP: 13/26 MP: 3/3
  1274 | D:2      | Slain by a gnoll

Illustrated notes

Levels and vault maps discovered:
D:1:      saegor_arrival_simple_a, layout_rooms,
          shapermc_ecumenical_altar_starsandcircs, reono_crystal_passage
D:2:      kennysheep_the_goblin_king, layout_basic, minmay_quadrilaterals,
          uniq_sigmund

Skill      XL: |  1  2 |
---------------+-------+-----
Dodging        | 3 |  3.2
Armour         | 1 |  1.1
Fighting       | |  1.7
Stealth        | |  1.9
Evocations     | |  3.3

Action                   || total
-------------------------++-------
Melee: Club              ||    51
       Tailslap          ||     1
       Long sword        ||    32
Evoke: Wand              ||     4
Armor: Leather armour    ||    24
Dodge: Dodged            ||    65
